1907 views
Uploaded 2023-09-10 16:04:47
Game version 1.36 (6115)
9:16 long 1on1 ladder game on (4)TwistedMeadows_S2_v1.1
Saved by Sofer
1907 views
Uploaded 2023-09-10 16:04:47
Game version 1.36 (6115)
9:16 long 1on1 ladder game on (4)TwistedMeadows_S2_v1.1

21 units @ 2.2k
/ 0.3k
12 buildings @ 2k
/ 0.9k


| Scroll of Healing | 1 | 250 |
| Circlet of Nobility | 1 | 175 |
| Boots of Speed | 1 | 250 |
| total: | 3 | 675g |
| Wisp | 12 | 720 | / | 0 |
| Archer | 5 | 650 | / | 50 |
| Dryad | 2 | 290 | / | 120 |
| Druid of the Claw | 2 | 510 | / | 160 |
| total: | 21 | 2170g | / | 330w |
| Altar of Elders | 2 | 360 | / | 100 |
| Moon Well | 4 | 720 | / | 160 |
| Ancient of War | 1 | 150 | / | 60 |
| Hunter's Hall | 1 | 210 | / | 100 |
| Ancient of Wonders | 1 | 90 | / | 30 |
| Ancient of Lore | 3 | 465 | / | 435 |
| Tree of Ages | 1 | 320 | / | 180 |
| Tree of Eternity | 1 | 330 | / | 200 |
| total: | 12 | 1995g | / | 885w |
| 0:02 | Wisp |
| 0:02 | Wisp |
| 0:07 | Altar of Elders |
| 0:08 | Moon Well |
| 0:09 | Altar of Elders |
| 0:22 | Ancient of War |
| 0:31 | Wisp |
| 0:31 | Wisp |
| 0:31 | Wisp |
| 0:45 | Wisp |
| 0:51 | Wisp |
| 1:03 | Wisp |
| 1:24 | Archer |
| 1:25 | Wisp |
| 1:36 | Moon Well |
| 1:43 | Wisp |
| 1:56 | Wisp |
| 2:10 | Mana Burn |
| 2:39 | Tree of Ages |
| 2:45 | Moon Well |
| 2:52 | Archer |
| 2:59 | Immolation |
| 3:07 | Archer |
| 3:24 | Hunter's Hall |
| 3:32 | Archer |
| 3:50 | Archer |
| 4:43 | Mana Burn |
| 4:51 | Circlet of Nobility |
| 4:51 | Boots of Speed |
| 5:04 | Summon Quilbeast |
| 5:41 | Wisp |
| 5:43 | Ancient of Lore |
| 5:43 | Ancient of Lore |
| 6:51 | Summon Hawk |
| 6:56 | Ancient of Lore |
| 6:57 | Tree of Eternity |
| 7:07 | Moon Well |
| 7:09 | Dryad |
| 7:13 | Ancient of Wonders |
| 7:18 | Dryad |
| 7:19 | Abolish Magic |
| 7:37 | Improved Bows |
| 7:43 | Scroll of Healing |
| 8:16 | Druid of the Claw |
| 8:50 | Immolation |
| 9:12 | Druid of the Claw |
| 9:12 | Druid of the Claw Adept Training |
| Right click | 468 |
| Select | 180 |
| Select group | 97 |
| Build/train/purchase | 68 |
| Chat | 52 |
| Assign group | 22 |
| Use ability | 14 |
| Misc. action | 11 |
| Item give/drop | 6 |
15 units @ 2k
/ 0k
9 buildings @ 1.4k
/ 0.4k


| Healing Salve | 2 | 200 |
| Lesser Clarity Potion | 1 | 70 |
| total: | 3 | 270g |
| Peon | 8 | 600 | / | 0 |
| Grunt | 7 | 1400 | / | 0 |
| total: | 15 | 2000g | / | 0w |
| Altar of Storms | 1 | 180 | / | 50 |
| Barracks | 1 | 180 | / | 50 |
| Orc Burrow | 6 | 960 | / | 240 |
| Voodoo Lounge | 1 | 130 | / | 30 |
| Stronghold | 1 | 315 | / | 190 |
| total: | 9 | 1450g | / | 370w |
| 0:04 | Peon |
| 0:04 | Peon |
| 0:09 | Altar of Storms |
| 0:22 | Barracks |
| 0:24 | Peon |
| 0:36 | Orc Burrow |
| 0:47 | Peon |
| 1:13 | Peon |
| 1:14 | Peon |
| 1:15 | Peon |
| 1:29 | Grunt |
| 1:37 | Peon |
| 2:22 | Stronghold |
| 2:25 | Feral Spirit |
| 2:29 | Voodoo Lounge |
| 3:17 | Orc Burrow |
| 3:40 | Orc Burrow |
| 4:22 | Orc Burrow |
| 4:23 | Grunt |
| 4:24 | Grunt |
| 4:47 | Chain Lighting |
| 4:53 | Orc Burrow |
| 5:12 | Healing Salve |
| 5:12 | Healing Salve |
| 5:12 | Lesser Clarity Potion |
| 5:40 | Grunt |
| 5:40 | Grunt |
| 7:36 | Orc Burrow |
| 8:12 | Grunt |
| 8:39 | Grunt |
| 8:49 | Hex |
| Right click | 396 |
| Chat | 162 |
| Select | 103 |
| Select group | 73 |
| Build/train/purchase | 37 |
| Assign group | 14 |
| Use ability | 4 |
โ